 Dungeon Crawl Stone Soup version 0.31-a0-236-g9a0961fb85 (webtiles) character file.

Game seed: 4242204050412591485

193 protoss039 the Digger (level 5, -2/42 HPs)
             Began as a Demonspawn Earth Elementalist on July 10, 2023.
             Killed by nerve-wracking pain
             ... invoked by an orc priest
              (12 damage)
             ... on level 3 of the Dungeon.
             The game lasted 00:04:21 (2649 turns).

protoss039 the Digger (DsEE)                        Turns: 2649, Time: 00:04:22

Health: -2/42      AC:  3    Str:  5 (8)  XL:     5   Next: 44%
Magic:  6/9        EV: 11    Int: 19 (21) God:
Gold:   113        SH:  0    Dex: 12 (13) Spells: 4/10 levels left

rFire   . . .        b - +0 dagger
rCold   . . .        (no shield)
rNeg    . . .        h - +0 leather armour
rPois   .            (no helmet)
rElec   .            (no cloak)
rCorr   .            (no gloves)
SInv    +            (no boots)
Will    .....        (no amulet)
Stlth   ++           (no ring)
HPRegen 1.07/turn    (no ring)
MPRegen 0.11/turn

%: no passive effects
@: about to teleport, attractive, invisible
A: powered by death 1, big brain 1, demonic magic 1, sense surroundings 1,
regeneration 1, robust 1
a: no special abilities


You were on level 3 of the Dungeon.
You visited 1 branch of the dungeon, and saw 3 of its levels.

You collected 113 gold pieces.

Inventory:

Hand Weapons
 b - a +0 dagger (weapon)
Armour
 h - a +0 leather armour (worn)
Scrolls
 e - a scroll of enchant weapon {unknown}
 i - 3 scrolls of teleportation
 j - a scroll of identify
Potions
 f - a potion of degeneration


   Skills:
 + Level 2.6 Fighting
 + Level 1.5 Armour
 - Level 1.7 Dodging
 - Level 1.7 Stealth
 + Level 3.2 Spellcasting
 - Level 0.8 Transmutations
 + Level 3.7 Earth Magic


You had 4 spell levels left.
You knew the following spells:

 Your Spells              Type           Power      Damage    Failure   Level
a - Sandblast             Erth           34%        2d9       4%          1
b - Passwall              Tmut/Erth      9%         N/A       14%         2
c - Stone Arrow           Conj/Erth      20%        3d8       32%         3

Your spell library contained the following spells:

 Spells                   Type           Power      Damage    Failure   Level
 Summon Small Mammal      Summ           12%        N/A       24%         1
 Ensorcelled Hibernation  Hex/Ice        6%         N/A       36%         2
 Call Canine Familiar     Summ           3%         N/A       58%         3
 Summon Guardian Golem    Hex/Summ       3%         N/A       58%         3
 Swiftness                Air            3%         N/A       58%         3
 Vhi's Electric Charge    Tloc/Air       6%         N/A       58%         3
 Petrify                  Tmut/Erth      11%        N/A       67%         4
 Arcjolt                  Conj/Air       1%         1d11      100%        5
 Maxwell's Capacitive Co  Air            1%         ∞         100%        8


Dungeon Overview and Level Annotations

Branches:
Dungeon (3/15) Zot: 15312

Altars:
Cheibriados
Uskayaw
Xom

Shops:
D:1 !


Innate Abilities, Weirdness & Mutations

You regenerate a little health from kills.
You have an unusually large brain. (Int +2)
Spells you cast may paralyse adjacent enemies.
You passively map a small area around you.
Your natural rate of healing is unusually fast.
You are robust. (+10% HP)


Message History

The orc priest looks encouraged for a moment.
Unknown command.
Unknown command.
Okay, then.
It was a potion of mutation.
You feel extremely strange.
You feel robust.
You feel a strange attunement to the structure of the dungeons.
You begin to heal more quickly.
The orc priest hits you with a +0 hand axe.
* * * LOW HITPOINT WARNING * * *
Unknown command.
Unknown command.
Why would you want to do that?
Unknown command.
It was a potion of attraction.
You feel attractive to monsters. The orc priest barely misses you. x2
Unknown command.
It was a potion of invisibility.
You fade into invisibility!
The orc priest closely misses you. x2
Unknown command.
Unknown command.
As you read the scroll labelled XADEDEVEO, it crumbles to dust.
It is a scroll of identify.
i - 4 scrolls of teleportation The orc priest hits you but does no damage.
The orc priest closely misses you.
Unknown command.
As you read the scroll of teleportation, it crumbles to dust.
You feel strangely unstable. The orc priest barely misses you.
The orc priest hits you with a +0 club.
* * * LOW HITPOINT WARNING * * *
Unknown command.
As you read the scroll labelled BIYFUM IRUATS, it crumbles to dust.
You feel aware of your surroundings.
It was a scroll of revelation.
The orc priest misses you.
The orc priest calls down the wrath of Beogh upon you.
Pain shoots through your body!
You die...

_.######.#..................8..#.
.........#.......................
.##############..#.....##......#.
..# ######.............##### ≈.#
######.##.##...#..## # ≈.#
######.##...###...#****# ≈.##
######.##...###..#**,,,. ≈..#
######.####.###.## *,**# §≈.###
######o@####...#* *,* ≈≈...#
#######o#####..# *,* .≈≈..#
##.###...####..#####.# ..≈§.#
##.#.#.8.8.###..[.....###
..≈..####.####).$$.####.####.....
..≈...##.#####.8.8$####.# #.####
.§≈.#...#######$_$#####.# #.####
.§..#.##....).#########.# #.##..
≈§....##..###..# #.# #.##.#


You could see 2 orc priests.

Vanquished Creatures
  A water moccasin skeleton (D:3)
  An orc priest (D:3)
  An orc wizard (D:3)
  4 adders
  2 adder zombies (D:3)
  An adder skeleton (D:3)
  An orc (D:3)
  2 endoplasms
  2 giant cockroaches (D:1)
  6 hobgoblins
  7 jackals
  A quokka (D:1)
  6 ball pythons
  4 bats
  2 frilled lizards
  A giant cockroach zombie (D:3)
  2 goblins
  6 kobolds
  6 rats
56 creatures vanquished.

Notes
Turn   | Place    | Note
-------+----------+-------------------------------------------
     0 | D:1      | protoss039 the Demonspawn Earth Elementalist began the
                  | quest for the Orb.
     0 | D:1      | Reached XP level 1. HP: 13/13 MP: 3/3
   224 | D:1      | Gained mutation: You regenerate a little health from kills.
                  | [demonic ancestry]
   224 | D:1      | Reached XP level 2. HP: 20/20 MP: 3/5
   328 | D:1      | Reached skill level 1 in Fighting
   695 | D:1      | Found Ubunk's Distillery.
   833 | D:1      | Learned a level 2 spell: Passwall
   867 | D:2      | Gained mutation: You have an unusually large brain. (Int
                  | +2) [demonic ancestry]
   867 | D:2      | Reached XP level 3. HP: 26/26 MP: 4/6
  1815 | D:2      | Learned a level 3 spell: Stone Arrow
  1920 | D:3      | Found a snail-covered altar of Cheibriados.
  2065 | D:3      | Gained mutation: Spells you cast may paralyse adjacent
                  | enemies. [demonic ancestry]
  2065 | D:3      | Reached XP level 4. HP: 33/33 MP: 6/8
  2093 | D:3      | Reached skill level 1 in Armour
  2240 | D:3      | Found a shimmering altar of Xom.
  2251 | D:3      | Found a hide-covered altar of Uskayaw.
  2605 | D:3      | Reached XP level 5. HP: 39/39 MP: 7/9
  2644 | D:3      | Gained mutation: You are robust. (+10% HP) [potion of
                  | mutation]
  2644 | D:3      | Gained mutation: You passively map a small area around you.
                  | [potion of mutation]
  2644 | D:3      | Gained mutation: Your natural rate of healing is unusually
                  | fast. [potion of mutation]
  2649 | D:3      | Killed from afar by an orc priest

Illustrated notes

Levels and vault maps discovered:
D:1:      tarquinn_simple_flora_water_d, layout_rooms, serial_shops, shop
D:2:      layout_basic
D:3:      layout_loops_ring, amethyst_overflow_temple_binary,
          lemuel_crystal_altar, mainiacjoe_overflow_catch_the_wave,
          serial_undead, serial_undead_d, serial_undead_d, serial_undead_b,
          serial_undead_a, kennysheep_orc_chapel

Skill      XL: |  1  2  3  4 |
---------------+-------------+-----
Fighting       | 1 2 |  2.6
Earth Magic    | 3 |  3.7
Armour         | 1 |  1.5
Spellcasting   | 3 |  3.2
Dodging        | |  1.7
Stealth        | |  1.7
Transmutations | |  0.8

Action                     |  1- 3 |  4- 6 || total
---------------------------+-------+-------++-------
  Melee: Unarmed           |    27 |       ||    27
         Dagger            |     8 |     8 ||    16
   Cast: Sandblast         |    56 |    20 ||    76
    Use: Potion            |     1 |     5 ||     6
         Scroll            |       |     3 ||     3
   Stab: Paralysed         |       |     6 ||     6
 Armour: Robe              |     7 |       ||     7
         Leather armour    |       |     1 ||     1
  Dodge: Dodged            |    39 |     9 ||    48

Table legend: (Time is in decaauts)
 A = Elapsed time spent in this place.
 B = Non-inter-level travel time spent in this place.
 C = Inter-level travel time spent in this place.
 D = Time resting spent in this place.
 E = Time spent auto-exploring this place.
 F = Levels seen in this place.
 G = Mean time per level.
                   A        B        C        D        E       F      G
               +--------+--------+--------+--------+--------+-----+--------+
         Total |   2686 |   2637 |     49 |     43 |   2206 |   3 |  895.3 |
       Dungeon |   2686 |   2637 |     49 |     43 |   2206 |   3 |  895.3 |
               +--------+--------+--------+--------+--------+-----+--------+

Top non-repeatable levels by time:
     D:2: 989 daAuts
     D:1: 849 daAuts
     D:3: 847 daAuts
